 Dungeon Sprint DCSS version 0.14-a0-519-g334afa2 (webtiles) character file.

2800000 MDvedh the Intangible (level 18, -31/115 HPs)
             Began as a Spriggan Necromancer on Nov 2, 2013.
             Was a High Priest of Makhleb.
             Annihilated by a large bag of meat
             ... wielding a +9,+9 giant spiked club
              (51 damage)
             ... in the Dungeon (Sprint VIII: "Arena of Blood").
             The game lasted 00:01:58 (28 turns).

MDvedh the Intangible (Spriggan Necromancer)          Turns: 28, Time: 00:01:58

HP -31/115       AC  4     Str  4      XL: 18   Next: 11%
MP  29/29        EV 44     Int 17      God: Makhleb [*****.]
Gold 0           SH  0     Dex 24      Spells:  1 memorised, 18 levels left

Res.Fire  : . . .   See Invis. : +   i - scroll of blinking
Res.Cold  : . . .   Warding    : .   a - +0 robe
Life Prot.: . . .   Conserve   : .   (shield restricted)
Res.Poison: .       Res.Corr.  : .   (helmet restricted)
Res.Elec. : .       Clarity    : .   (no cloak)
Sust.Abil.: . .     Spirit.Shd : .   (gloves unavailable)
Res.Mut.  : .       Prev.Telep.: +   (boots unavailable)
Res.Rott. : .       Flight     : .   (no amulet)
Saprovore : . . .                    (no ring)
                                     (no ring)

@: very quick, extremely resistant to hostile enchantments, quite stealthy
A: unfitting armour, see invisible, herbivore 3, speed 3, slow metabolism 2
a: Minor Destruction, Lesser Servant of Makhleb, Major Destruction, Greater
Servant of Makhleb, Renounce Religion


You were in the Dungeon.
You worshipped Makhleb.
Makhleb was extremely pleased with you.
You were not hungry.

You visited 1 branch

Inventory:

Armour
 a - a +0 robe (worn)
Scrolls
 i - a scroll of blinking (in hand)
Potions
 c - a potion of porridge
 d - a potion of curing
 e - a potion of heal wounds
 f - a potion of speed
 g - 2 potions of magic
 h - a potion of berserk rage
Books
 b - a book of Necromancy

   Spells                             Type                      Level
   *Pain                              Necromancy                   1
   Animate Skeleton                   Necromancy                   1
   Lethal Infusion                    Charms/Necromancy            2
   Vampiric Draining                  Necromancy                   3
   Regeneration                       Charms/Necromancy            3
   Animate Dead                       Necromancy                   4
   Control Undead                     Necromancy                   4


   Skills:
 + Level 25.8 Fighting
   Level 25.8 Axes
 + Level 24.1 Armour
 O Level 27 Dodging
 - Level 3.0 Stealth
 - Level 1.3 Spellcasting
 - Level 3.6 Necromancy


You had 18 spell levels left.
You knew the following spells:

 Your Spells              Type           Power        Failure   Level  Hunger
a - Pain                  Necr           ##..         6%          1    ##.....


Dungeon Overview and Level Annotations

Branches:
Dungeon (1/1)

Altars:
Makhleb


Innate Abilities, Weirdness & Mutations

You are tiny and cannot use many weapons and most armour.
You have supernaturally acute eyesight.
You are a herbivore.
You cover ground extremely quickly.
You need consume almost no food.


Message History

A bag of meat comes into view. It is wielding a +9,+9 war axe.
You hit the destroyer but do no damage.
You hear a shout!
The destroyer hits you with a +9,+9 great sword of slicing!
The destroyer bites you!
You hear a shout!
The bag of meat hits you with a +9,+9 war axe!
* * * LOW HITPOINT WARNING * * *
The bag of meat moves out of view.
The destroyer appears out of thin air!
A destroyer comes into view.
It is wielding a +9,+9 great sword of slicing.
You hear a shout! 2 orcs come into view.
Unknown command.
Wield which item (- for none, * to show all)? (? for menu, Esc to quit)
Okay, then.
Wield which item (- for none, * to show all)? (? for menu, Esc to quit)
i - a scroll of blinking (in hand)
The destroyer shouts!
The large bag of meat hits you with a +9,+9 giant spiked club!
You die...

.......###......
#........_.......o
..... #..V..#......
......#_.<._#.......
.......#.....#......#
.#..o...o._..........
..o......###o........#
....###))).)o)###....
.. #....CV@# #.....oC#
........O..
........O..
...........o
..o........##.
.......#o .. .....#o
...


You could see 2 destroyers, 2 large bags of meat, 2 meat berserkers and 6 bags
of meat.

Vanquished Creatures
  4 ogres (D)
  16 orcs (D)
20 creatures vanquished.

Notes
Turn   | Place    | Note
--------------------------------------------------------------
     0 | D        | MDvedh, the Spriggan Necromancer, began the quest for the Orb.
     0 | D        | Reached XP level 1. HP: 9/9 MP: 4/4
     3 | D        | Became a worshipper of Makhleb the Destroyer
     4 | D        | Noticed a bag of meat
     5 | D        | Noticed a bag of meat
     6 | D        | Noticed a bag of meat
     6 | D        | Noticed a bag of meat
     7 | D        | Noticed a bag of meat
     9 | D        | Noticed a bag of meat
     9 | D        | Noticed a meat berserker
     9 | D        | Noticed a bag of meat
     9 | D        | Killed a bag of meat
     9 | D        | Reached skill level 12 in Fighting
     9 | D        | Reached skill level 18 in Dodging
     9 | D        | Reached XP level 2. HP: 15/15 MP: 6/6
     9 | D        | Reached XP level 3. HP: 19/19 MP: 9/9
     9 | D        | Reached XP level 4. HP: 25/25 MP: 11/11
     9 | D        | Reached XP level 5. HP: 29/29 MP: 13/13
     9 | D        | Reached XP level 6. HP: 35/35 MP: 16/16
     9 | D        | Reached XP level 7. HP: 39/39 MP: 18/18
     9 | D        | Reached XP level 8. HP: 44/44 MP: 19/19
     9 | D        | Reached XP level 9. HP: 49/49 MP: 21/21
     9 | D        | Reached XP level 10. HP: 54/54 MP: 22/22
     9 | D        | Reached XP level 11. HP: 58/58 MP: 23/23
    10 | D        | Noticed a meat berserker
    10 | D        | Killed a bag of meat
    10 | D        | Reached skill level 21 in Dodging
    10 | D        | Reached XP level 12. HP: 29/65 MP: 24/24
    10 | D        | Killed a bag of meat
    10 | D        | Acquired Makhleb's first power
    10 | D        | Reached skill level 23 in Dodging
    10 | D        | Reached XP level 13. HP: 31/72 MP: 25/25
    10 | D        | Killed a meat berserker
    10 | D        | Reached skill level 15 in Fighting
    10 | D        | Reached skill level 15 in Axes
    10 | D        | Reached skill level 24 in Dodging
    11 | D        | Noticed a bag of meat
    11 | D        | Noticed a bag of meat
    11 | D        | Noticed a meat berserker
    11 | D        | Killed a bag of meat
    11 | D        | Acquired Makhleb's second power
    11 | D        | Reached skill level 15 in Armour
    11 | D        | Reached skill level 25 in Dodging
    11 | D        | Reached XP level 14. HP: 77/79 MP: 26/26
    12 | D        | Noticed a bag of meat
    14 | D        | Noticed a bag of meat
    14 | D        | Noticed a bag of meat
    14 | D        | Noticed a bag of meat
    15 | D        | Noticed a bag of meat
    16 | D        | Noticed a bag of meat
    16 | D        | Noticed a meat berserker
    16 | D        | Killed a bag of meat
    16 | D        | Reached skill level 26 in Dodging
    17 | D        | Noticed a bag of meat
    17 | D        | Noticed a bag of meat
    17 | D        | Noticed a bag of meat
    18 | D        | Noticed a bag of meat
    18 | D        | Noticed a large bag of meat
    18 | D        | Noticed a bag of meat
    19 | D        | Noticed a bag of meat
    19 | D        | Killed a bag of meat
    19 | D        | Reached skill level 27 in Dodging
    19 | D        | Reached XP level 15. HP: 84/86 MP: 27/27
    19 | D        | Killed a meat berserker
    19 | D        | Acquired Makhleb's third power
    20 | D        | Killed a bag of meat
    20 | D        | Killed a bag of meat
    21 | D        | Killed a bag of meat
    21 | D        | Reached XP level 16. HP: 94/96 MP: 28/28
    21 | D        | Killed a meat berserker
    21 | D        | Acquired Makhleb's fourth power
    22 | D        | Killed a bag of meat
    22 | D        | Killed a meat berserker
    22 | D        | Killed a bag of meat
    22 | D        | Acquired Makhleb's fifth power
    22 | D        | Reached XP level 17. HP: 103/105 MP: 28/28
    22 | D        | Killed a bag of meat
    24 | D        | Noticed a meat berserker
    24 | D        | Killed a bag of meat
    24 | D        | Killed a bag of meat
    24 | D        | Killed a bag of meat
    25 | D        | Noticed a meat berserker
    25 | D        | Noticed a bag of meat
    25 | D        | Killed a bag of meat
    25 | D        | Reached XP level 18. HP: 113/115 MP: 29/29
    26 | D        | Noticed a large bag of meat
    27 | D        | Noticed a destroyer
    27 | D        | Noticed a bag of meat
    28 | D        | Noticed a bag of meat
    28 | D        | Noticed a bag of meat
    28 | D        | Noticed a destroyer
    28 | D        | Annihilated by a large bag of meat

Action                   |  1- 3 |  4- 6 |  7- 9 | 10-12 | 13-15 | 16-18 || total
-------------------------+-------+-------+-------+-------+-------+-------++-------
Melee: Broad axe         |     1 |       |       |     1 |     5 |     3 ||    10
       Unarmed           |       |       |       |       |       |     1 ||     1
